 Dungeon Crawl Stone Soup version 0.19-a0-1041-g82b1012 (webtiles) character file.

18198 hairmachine the Basher (level 12, -4/181 HPs)
             Began as a Minotaur Chaos Knight on July 30, 2016.
             Slain by a killer bee (6 damage)
             ... on level 1 of the Lair of Beasts.
             The game lasted 00:50:27 (14325 turns).

hairmachine the Basher (Minotaur Chaos Knight)     Turns: 14325, Time: 00:50:27

Health: -4/181     AC: 26    Str: 19    XL:     12   Next: 25%
Magic:  14/14      EV:  2    Int:  9    God:    Xom [...*..]
Gold:   355        SH: 13    Dex: 18    Spells: 0 memorised, 11 levels left

rFire  + . .     SeeInvis .     d - +7 whip of Bankruptcy {elec, Dex+3}
rCold  . . .     Gourm    .     (armour currently unavailable)
rNeg   + + +     Faith    .     W - +0 shield
rPois  +         Spirit   .     (helmet unavailable)
rElec  .         Dismiss  .     (cloak currently unavailable)
rCorr  .         Reflect  .     (gloves currently unavailable)
SustAt .         Harm     .     (boots currently unavailable)
MR     +++..     NoTele   +     I - amulet of magic regeneration
Stlth  ++........               m - ring of protection from fire
                                o - ring of protection from magic

@: lethally poisoned (-4 -> -4), tree-form, extremely resistant to hostile
enchantments, unstealthy
A: (retaliatory headbutt), (horns 0), agile 1, blurry vision 1, magic resistance
2, mutation resistance 1, robust 1, screaming 1, wild magic 3, (sturdy frame 0)
a: Renounce Religion


You were on level 1 of the Lair of Beasts.
You worshipped Xom.
You were a favourite toy of Xom.
You were not hungry.
You were a tree.
You visited 2 branches of the dungeon, and saw 12 of its levels.
You also visited: Sewer and Ossuary.

You collected 608 gold pieces.
You spent 253 gold pieces at shops.

Inventory:

Hand Weapons
 d - the +7 whip of Bankruptcy (weapon) {elec, Dex+3}
   (You found it on level 11 of the Dungeon)

   Occasionally, upon striking a foe, it will discharge some electrical energy
   and cause terrible harm.
   It affects your dexterity (+3).
 J - a +2 morningstar of protection
 O - a +1 scimitar of flaming
Missiles
 R - 6 javelins of penetration (quivered)
Armour
 b - a +1 cloak of poison resistance (melded)
 r - a +0 plate armour (melded)
 W - a +0 shield (worn)
 X - a +2 pair of gloves (melded)
Jewellery
 k - a cursed ring of teleportation {unknown}
 m - a ring of protection from fire (right branch)
 o - a ring of protection from magic (left branch)
 I - an amulet of magic regeneration (around neck)
Wands
 u - a wand of heal wounds (2/9)
 z - a wand of digging (16/24)
 P - a wand of paralysis (12/24)
 S - a wand of slowing (29/48)
 V - a wand of confusion (24/48)
Scrolls
 a - a scroll of silence {unknown}
 e - 12 scrolls of identify
 f - 7 scrolls of teleportation
 g - 6 scrolls of remove curse
 i - 4 scrolls of amnesia
 j - 3 scrolls of acquirement {unknown}
 l - 2 scrolls of recharging
 n - 2 scrolls of fear
 s - 2 scrolls of enchant weapon
 y - 3 scrolls of blinking
 A - 3 scrolls of immolation {unknown}
 D - 2 scrolls of magic mapping
 G - 5 scrolls of fog
 K - 3 scrolls of enchant armour {unknown}
Potions
 h - a potion of beneficial mutation
 q - 3 potions of degeneration {unknown}
 v - 5 potions of curing
 w - a potion of flight
 B - a potion of ambrosia {unknown}
 C - 2 potions of magic
 E - a potion of agility
 F - a potion of resistance
 H - 2 potions of lignification
 L - a potion of berserk rage {unknown}
 N - 2 potions of brilliance
 U - a potion of mutation {unknown}
Comestibles
 c - 9 bread rations
 p - 8 meat rations
 x - 2 chunks of flesh
 M - a fruit
 Q - a slice of pizza
 Y - 7 beef jerkies


   Skills:
 - Level 11.4 Fighting
 + Level 2.5 Long Blades
 - Level 14.2 Maces & Flails
 - Level 3.6 Throwing
 - Level 8.4 Armour
 - Level 1.1 Dodging
 + Level 11.3 Shields
 - Level 4.8 Evocations


You had 11 spell levels left.
You didn't know any spells.

Dungeon Overview and Level Annotations

Branches:
Dungeon (11/15)            Temple (0/1) D:5            Lair (1/6) D:11
    Orc (0/2) D:9

Altars:
Dithmenos
Elyvilon
Fedhas
Gozag
Qazlal
Ru
Xom
Yredelemnul

Shops:
D:5 ?   D:11 %

Annotations:
D:11 Harold


Innate Abilities, Weirdness & Mutations

((You reflexively headbutt those who attack you in melee.))
((You have a pair of large horns on your head.))
You are agile. (Dex +2)
Scrolls take you a little longer to read.
You are highly resistant to hostile enchantments. (MR++)
You are somewhat resistant to further mutation.
You are robust. (+10% HP)
You occasionally shout uncontrollably at your foes.
Your spells are much harder to cast, but much more powerful.
((Your movements are slightly less encumbered by armour. (ER -2)))


Message History

The killer bee is severely wounded.
The killer bee is no longer berserk.
You block the killer bee's attack. x2
The killer bee stings you but does no damage.
You block the killer bee's attack. The killer bee barely misses you.
The killer bee stings you but does no damage.
You block the killer bee's attack.
The killer bee stings you but does no damage.
You closely miss the killer bee.
The killer bee is severely wounded.
The killer bee stings you but does no damage.
You block the killer bee's attack.
The killer bee stings you but does no damage. x4
You hit the killer bee.
There is a sudden explosion of sparks!
You kill the killer bee!
The killer bee stings you but does no damage. x2
You hit the killer bee.
There is a sudden explosion of sparks!
The killer bee is heavily wounded.
You feel sick. The killer bee stings you.
You die...
Xom titters!

#...# #P..........
##...# ###..........
#...####............
#...###.............
#...##..............
##.......##..........
#...#...###..........
#..yy..## ##.........
##yy.♣.## ###......#
#.yyyy## ##....##
#yyr### ###### ##.yy#
#..### ####..# #
######....##
.##.y.......#
.†.y#y###.#.##


You could see a queen bee, 11 killer bees and a river rat.

Vanquished Creatures
  Fannar (Lair:1)
  Erolcha (D:11)
  Erica (D:8)
  A hydra (Lair:1)
  A tengu warrior (D:10)
  Urug (D:11)
  An unseen horror (D:11)
  A hill giant (D:9)
  An ugly thing (D:10)
  The ghost of Rationalist the Covered, a novice MiFi of Trog (D:5)
  3 spiny frogs (Lair:1)
  A tengu conjurer (D:10)
  A komodo dragon (D:11)
  3 trolls
  2 two-headed ogres
  Grinder (D:5)
  A wraith (Ossuary)
  A shadow (D:10)
  3 yaks (D:11)
  A hippogriff (Lair:1)
  2 water moccasins
  A porcupine (Lair:1)
  8 orc warriors
  A wasp (D:7)
  3 phantoms
  3 ice beasts
  2 sky beasts
  An eye of draining (D:9)
  2 necrophages
  6 ogres
  A wolf (D:9)
  3 centaurs
  A crocodile (Lair:1)
  The ghost of braks the Gusty, an amateur TeAE (D:3)
  2 elf zombies (Ossuary)
  7 big kobolds
  13 giant frogs
  3 gnoll sergeants (D:9)
  5 scorpions
  A wyvern skeleton (D:9)
  38 killer bees
  8 wights (D:11)
  6 howler monkeys
  2 giant frog zombies (D:5)
  A quasit (D:9)
  2 centaur skeletons
  2 hounds
  8 crimson imps
  A gnoll shaman (D:5)
  8 orc priests
  A giant frog skeleton (D:4)
  A jelly (D:8)
  12 orc wizards
  Crazy Yiuf (D:3)
  8 worker ants
  4 iguanas
  A killer bee zombie (D:6)
  A hound zombie (D:5)
  A hound skeleton (D:9)
  A howler monkey zombie (D:5)
  3 mummies (Ossuary)
  2 worker ant zombies
  5 gnolls
  10 adders
  7 river rats
  8 shadow imps
  3 worms (D:2)
  2 dart slugs
  5 giant geckos
  46 orcs
  4 giant cockroaches
  5 goblins
  4 hobgoblins
  14 jackals
  12 kobolds
  5 quokkas
  A ball python (D:2)
  3 bats
  7 giant newts
  3 goblin zombies (Ossuary)
  A hobgoblin zombie (Ossuary)
  3 kobold zombies (Ossuary)
  A quokka skeleton (D:7)
  7 rats
361 creatures vanquished.

Vanquished Creatures (collateral kills)
  An orc warrior (D:9)
  A killer bee (D:10)
  A crimson imp (D:10)
  2 orc wizards (D:6)
  An iguana (D:5)
  An orc (D:6)
  A giant cockroach (D:6)
8 creatures vanquished.

Vanquished Creatures (others)
  An orc priest (D:8)
  An orc wizard (D:10)
  A goblin zombie (Ossuary)
  A hobgoblin zombie (Ossuary)
  A fungus (Lair:1)
  7 plants (D:11)
12 creatures vanquished.

Grand Total: 381 creatures vanquished

Notes
Turn   | Place    | Note
-------+----------+-------------------------------------------
     0 | D:1      | hairmachine the Minotaur Chaos Knight began the quest for the Orb.
     0 | D:1      | Reached XP level 1. HP: 19/19 MP: 0/0
   208 | D:1      | XOM: divination: magic mapping
   211 | D:1      | Reached skill level 4 in Maces & Flails
   293 | D:1      | Reached XP level 2. HP: 24/26 MP: 1/1
   431 | D:1      | XOM: smoke on damage
   566 | D:2      | Reached skill level 5 in Maces & Flails
   567 | D:2      | Reached XP level 3. HP: 31/31 MP: 2/2
  1036 | D:3      | XOM: summons 2 hostile shadow creatures
  1103 | D:3      | Found a blossoming altar of Fedhas.
  1179 | D:3      | XOM: stat loss: -1 Str (15/16)
  1211 | D:3      | Noticed braks's ghost (amateur TeAE)
  1226 | D:3      | Killed braks's ghost
  1226 | D:3      | Reached skill level 6 in Maces & Flails
  1226 | D:3      | Reached XP level 4. HP: 32/39 MP: 3/3
  1238 | D:3      | Found a runed door.
  1242 | D:3      | Noticed Crazy Yiuf
  1246 | D:3      | Killed Crazy Yiuf
  1246 | D:3      | Reached XP level 5. HP: 34/45 MP: 4/4
  1560 | D:3      | XOM: medium Necr miscast
  1649 | D:4      | XOM: give mutation
  1649 | D:4      | Gained mutation: Your body sometimes deteriorates upon taking damage. [Xom's mischief]
  1653 | D:4      | Reached skill level 7 in Maces & Flails
  1665 | D:4      | Reached XP level 6. HP: 23/51 MP: 5/5
  1725 | D:4      | XOM: noise
  1837 | D:4      | XOM: divination: detect creatures
  1913 | D:4      | Reached skill level 5 in Armour
  2198 | D:4      | XOM: cast spell 'Confusing Touch'
  2254 | D:4      | Found a glowing drain.
  2258 | Sewer    | Entered a sewer
  2328 | Sewer    | XOM: cleaving
  2336 | Sewer    | Reached XP level 7. HP: 54/57 MP: 6/6
  2355 | Sewer    | Found a white marble altar of Elyvilon.
  2622 | D:5      | Entered Level 5 of the Dungeon
  2647 | D:5      | Found a white marble altar of Elyvilon.
  2677 | D:5      | Noticed Rationalist's ghost (novice MiFi)
  2681 | D:5      | XOM: summons 5 friendly demons
  2686 | D:5      | XOM: confuse monster(s)
  2690 | D:5      | XOM: 4-stop teleportation journey
  2700 | D:5      | Found a staircase to the Ecumenical Temple.
  2722 | D:5      | XOM: cleaving
  2726 | D:5      | Killed Rationalist's ghost
  2726 | D:5      | Reached skill level 8 in Maces & Flails
  2799 | D:5      | Noticed Grinder
  2805 | D:5      | XOM: confuse monster(s)
  2806 | D:5      | XOM: confuse monster(s)
  2808 | D:5      | XOM: polymorph Grinder -> Grinder
  2810 | D:5      | Killed Grinder
  2810 | D:5      | Reached skill level 9 in Maces & Flails
  2810 | D:5      | Reached XP level 8. HP: 64/64 MP: 7/7
  2874 | D:5      | XOM: confuse monster(s)
  2946 | D:5      | Found Fusun's Magic Scroll Shoppe.
  2951 | D:5      | Bought a scroll of blinking for 97 gold pieces
  2951 | D:5      | Bought a scroll of identify for 26 gold pieces
  2951 | D:5      | Bought a scroll of identify for 26 gold pieces
  2951 | D:5      | Bought a scroll of identify for 26 gold pieces
  2951 | D:5      | Bought a scroll of teleportation for 39 gold pieces
  2951 | D:5      | Bought a scroll of teleportation for 39 gold pieces
  2969 | D:5      | XOM: noise
  2983 | D:5      | XOM: enchant monster (good)
  3172 | D:5      | XOM: silly message
  3213 | D:5      | XOM: harmless Conj miscast
  3288 | D:5      | Found a basalt altar of Yredelemnul.
  3374 | D:5      | XOM: harmless Hex miscast
  3379 | D:5      | Reached skill level 1 in Shields
  3420 | D:5      | XOM: cloud trail
  3451 | D:6      | XOM: silly message
  3509 | D:5      | Reached skill level 10 in Maces & Flails
  3973 | D:6      | XOM: god gift: 28 stones
  4025 | D:6      | XOM: divination: detect items
  4344 | D:7      | XOM: confuse monster(s)
  4347 | D:7      | Reached skill level 5 in Fighting
  4398 | D:7      | XOM: god gift: dented steel amulet {god gift}
  4421 | D:7      | Reached XP level 9. HP: 74/74 MP: 8/8
  4444 | D:7      | XOM: divination: detect creatures
  4480 | D:7      | Reached skill level 11 in Maces & Flails
  4721 | D:7      | Found an opulent altar of Gozag.
  5023 | D:7      | XOM: cloud trail
  5586 | D:8      | Reached skill level 1 in Evocations
  5644 | D:8      | XOM: summons friendly crimson imp
  5795 | D:8      | Found a sand-covered staircase.
  5800 | Ossuary  | Entered an ossuary
  6120 | Ossuary  | Reached skill level 12 in Maces & Flails
  6203 | Ossuary  | XOM: cleaving
  6222 | Ossuary  | XOM: give mutations
  6222 | Ossuary  | Gained mutation: You are robust. (+10% HP) [Xom's grace]
  6222 | Ossuary  | Gained mutation: Your muscles are strong. (Str +2) [Xom's grace]
  6222 | Ossuary  | Gained mutation: Your spells are a little harder to cast, but a little more powerful. [Xom's grace]
  6222 | Ossuary  | Gained mutation: You have large cloven feet. [Xom's grace]
  6428 | D:8      | Noticed Erica
  6428 | D:8      | XOM: fake destruction
  6440 | D:8      | XOM: summons 9 friendly demons
  6444 | D:8      | Killed Erica
  6444 | D:8      | Reached XP level 10. HP: 81/99 MP: 9/11
  6572 | D:8      | XOM: destruction
  6722 | D:8      | Found a stormy altar of Qazlal.
  6834 | D:8      | XOM: god gift: 27 gold pieces
  7130 | D:8      | XOM: god gift: 6 javelins of penetration
  7247 | D:9      | XOM: potion effect (haste)
  7251 | D:9      | XOM: summons 4 friendly demons
  7276 | D:9      | XOM: smoke on damage
  7330 | D:9      | XOM: god gift: runed rapier {god gift}
  7414 | D:9      | XOM: 2-stop teleportation journey
  7575 | D:9      | XOM: fog
  7594 | D:9      | Found a shadowy altar of Dithmenos.
  7594 | D:9      | XOM: 9-stop teleportation journey
  7610 | D:9      | XOM: divination: detect creatures
  7617 | D:9      | Reached skill level 1 in Throwing
  7685 | D:9      | XOM: medium Tloc miscast
  7685 | D:9      | Found a sacrificial altar of Ru.
  7743 | D:9      | XOM: 1-stop teleportation journey
  7779 | D:9      | XOM: noise
  7832 | D:9      | Found a staircase to the Orcish Mines.
  7832 | D:9      | XOM: harmless Air miscast
  7850 | D:9      | XOM: blink monster(s)
  7855 | D:9      | XOM: 2-stop teleportation journey
  7901 | D:9      | XOM: summons 4 hostile shadow creatures
  8211 | D:9      | XOM: 1-stop teleportation journey
  8255 | D:9      | XOM: confusion
  8280 | D:9      | Reached skill level 13 in Maces & Flails
  8380 | D:9      | XOM is BORED!
  8380 | D:9      | XOM: give mutation
  8380 | D:9      | Gained mutation: You are dopey. (Int -2) [Xom's mischief]
  8399 | D:9      | XOM: enchant monster (bad)
  8415 | D:9      | XOM: noise
  8419 | D:9      | XOM: polymorph something unseen -> wolf
  8423 | D:9      | XOM: enchant monster (bad)
  8436 | D:9      | XOM: fog
  8446 | D:9      | XOM: enchant monster (bad)
  8461 | D:9      | XOM: harmless Summ miscast
  8495 | D:9      | XOM: summons 4 hostile shadow creatures
  8503 | D:9      | Lost mutation: Your muscles are strong. (Str +2) [potion of cure mutation]
  8503 | D:9      | Lost mutation: Your spells are a little harder to cast, but a little more powerful. [potion of cure mutation]
  8503 | D:9      | Lost mutation: Your body sometimes deteriorates upon taking damage. [potion of cure mutation]
  8503 | D:9      | Lost mutation: You have large cloven feet. [potion of cure mutation]
  8503 | D:9      | Lost mutation: You are robust. (+10% HP) [potion of cure mutation]
  8733 | D:8      | XOM: noise
  8744 | D:9      | XOM: confusion (+ monsters)
  8745 | D:9      | XOM: cleaving
  8749 | D:9      | XOM: enchant monster (bad)
  9244 | D:9      | XOM: summons 5 hostile demons
  9314 | D:9      | XOM: harmless Conj miscast
  9483 | D:9      | XOM: medium Summ miscast
  9617 | D:9      | XOM: cloud trail
  9675 | D:10     | XOM: stealth player
  9675 | D:10     | Entered Level 10 of the Dungeon
  9675 | D:10     | Noticed a hill giant
  9701 | D:9      | Killed a hill giant
  9701 | D:9      | Reached skill level 5 in Shields
  9701 | D:9      | Reached XP level 11. HP: 33/99 MP: 13/13
  9764 | D:9      | XOM: give mutations
  9764 | D:9      | Gained mutation: You occasionally shout uncontrollably at your foes. [Xom's mischief]
  9764 | D:9      | Gained mutation: You are agile. (Dex +2) [Xom's mischief]
  9764 | D:9      | Gained mutation: Scrolls take you a little longer to read. [Xom's mischief]
  9968 | D:10     | XOM: 8-stop teleportation journey
 10104 | D:10     | XOM: 7-stop teleportation journey
 10106 | D:10     | Noticed a red ugly thing
 10116 | D:10     | XOM: summons 7 friendly demons
 10150 | D:10     | XOM: 1-stop teleportation journey
 10192 | D:10     | XOM: destruction
 10373 | D:10     | XOM: potion effect (brilliance)
 10692 | D:10     | XOM: god gift: cloak {god gift}
 10849 | D:10     | XOM: summons 11 friendly demons
 10874 | D:11     | Noticed Erolcha
 10874 | D:11     | XOM: enchant monster (good)
 10916 | D:10     | Killed a red ugly thing
 10948 | D:11     | Noticed Urug
 10965 | D:10     | XOM: noise
 11259 | D:10     | XOM: summons 11 friendly demons
 11416 | D:10     | XOM: chaos upgrade
 11418 | D:10     | XOM: harmless Tloc miscast
 11573 | D:11     | XOM: give mutation
 11573 | D:11     | Gained mutation: Your spells are a little harder to cast, but a little more powerful. [Xom's grace]
 11588 | D:11     | XOM: polymorph sky beast -> scorpion
 11604 | D:11     | XOM: scenery: create altars
 11618 | D:11     | XOM: scenery: create altars
 11776 | D:10     | XOM: medium Ice miscast
 11979 | D:11     | XOM: confuse monster(s)
 12121 | D:11     | XOM: medium Ice miscast
 12126 | D:11     | Reached skill level 10 in Fighting
 12159 | D:11     | XOM: enchant monster (good)
 12177 | D:11     | XOM: divination: detect items
 12181 | D:11     | Noticed a tengu warrior
 12183 | D:11     | XOM: summons 2 friendly demons
 12218 | D:10     | XOM: enchant monster (good)
 12222 | D:10     | Killed a tengu warrior
 12403 | D:11     | Noticed Harold
 12454 | D:11     | Killed Erolcha
 12456 | D:11     | Gained mutation: Your movements are slightly less encumbered by armour. (ER -2) [potion of beneficial mutation]
 12457 | D:11     | XOM: potion effect (might)
 12458 | D:11     | Reached skill level 10 in Shields
 12466 | D:11     | Found Mineor's Food Shoppe.
 12491 | D:10     | XOM: 2-stop teleportation journey
 12574 | D:10     | XOM: god gift: scratched pearl ring {god gift}
 12661 | D:10     | XOM: scenery: 1 doors close
 12683 | D:10     | XOM: scenery: 1 doors open
 12772 | D:11     | Got a scorched whip
 12817 | D:11     | XOM: give mutations
 12817 | D:11     | Gained mutation: You are resistant to hostile enchantments. (MR+) [Xom's grace]
 12817 | D:11     | Lost mutation: You are dopey. (Int -2) [Xom's grace]
 12817 | D:11     | Gained mutation: You have a pair of large horns on your head. [Xom's grace]
 12832 | D:11     | XOM: divination: detect items
 12845 | D:11     | XOM: divine lightning (protected)
 12846 | D:11     | XOM: enchant monster (good)
 12848 | D:11     | Killed Urug
 12858 | D:11     | Found a staircase to the Lair.
 12858 | D:11     | XOM: 7-stop teleportation journey
 12888 | D:11     | XOM: give mutations
 12888 | D:11     | Gained mutation: Your spells are harder to cast, but more powerful. [Xom's grace]
 12888 | D:11     | Gained mutation: You are robust. (+10% HP) [Xom's grace]
 12888 | D:11     | Gained mutation: Your spells are much harder to cast, but much more powerful. [Xom's grace]
 13015 | D:11     | Identified the +7 whip of Bankruptcy {elec, Dex+3} (You found it on level 11 of the Dungeon)
 13081 | D:11     | Killed an unseen horror
 13166 | D:11     | XOM: give mutations
 13166 | D:11     | Gained mutation: You are highly resistant to hostile enchantments. (MR++) [Xom's grace]
 13166 | D:11     | Gained mutation: You are somewhat resistant to further mutation. [Xom's grace]
 13170 | Lair:1   | Entered Level 1 of the Lair of Beasts
 13232 | Lair:1   | Noticed Fannar
 13232 | Lair:1   | XOM: fog
 13252 | Lair:1   | Killed Fannar
 13252 | Lair:1   | Reached skill level 14 in Maces & Flails
 13252 | Lair:1   | Reached XP level 12. HP: 41/121 MP: 14/14
 13525 | Lair:1   | XOM: 1-stop teleportation journey
 13555 | Lair:1   | XOM: divination: magic mapping
 13637 | Lair:1   | XOM: enchant monster (good)
 13664 | Lair:1   | Noticed an eight-headed hydra
 13676 | Lair:1   | Killed a five-headed hydra
 13832 | Lair:1   | XOM: 4-stop teleportation journey
 13892 | Lair:1   | XOM: cloud trail
 13997 | Lair:1   | Reached skill level 1 in Long Blades
 14308 | Lair:1   | XOM: polymorph killer bee -> river rat
 14318 | Lair:1   | HP: 4/181 [killer bee (8)]
 14325 | Lair:1   | HP: 2/181 [poisoned by a killer bee]
 14325 | Lair:1   | Slain by a killer bee

Vault maps used:
D:1:      tarquinn_simple_flora_water_e, minmay_pentomino_u2
D:2:      kennysheep_decorative_pillar
D:3:      fedhas_altar_4, uniq_crazy_yiuf_cottage
D:4:      gup_sewer_entry_bowl, first_bread
D:5:      lemuel_doored_altar, nicolae_overflow_hidden_temple, serial_shops,
          shop, uniq_grinder
D:7:      kennysheep_mini, grunt_decor_mini_mirrors
D:8:      nicolae_qazlal_style_of_elements, enter_ossuary_2, uniq_erica
D:9:      nicolae_dithmenos_shadow_blocks, nicolae_ru_awakened_eye,
          kennysheep_orc_monster_closet_entryway, grunt_ogre_cave
D:10:     minmay_misc_feat_more_columns
D:11:     david_lair_shrubbed, serial_shops, kennysheep_mini_moat, uniq_erolcha,
          uniq_harold, uniq_urug
Lair:1:   special_room, serial_bayou_pond_d, grunt_forest_stairs_basic,
          uniq_fannar
Sewer:    sewer_kobolds
Ossuary:  ossuary_kennysheep_city_of_the_dead

Skill      XL: |  1  2  3  4  5  6  7  8  9 10 11 12 |
---------------+-------------------------------------+-----
Maces & Flails | 4 5 6 7 9 10 12 13 14 | 14.2
Armour         | 3 4 5 7 8 |  8.4
Shields        | 3 5 10 11 | 11.3
Fighting       | 5 8 9 11 | 11.4
Evocations     | 3 4 |  4.8
Throwing       | 3 |  3.6
Long Blades    | 2 |  2.5
Dodging        | |  1.1

Action                   |  1- 3 |  4- 6 |  7- 9 | 10-12 || total
-------------------------+-------+-------+-------+-------++-------
Melee: Mace              |    83 |    86 |       |       ||   169
       Headbutt          |    12 |    18 |    76 |   169 ||   275
       Whip              |       |    36 |   415 |   689 ||  1140
       Kick              |       |       |     8 |    89 ||    97
       Morningstar       |       |       |       |   280 ||   280
       Scimitar          |       |       |       |    11 ||    11
Throw: Throwing net      |       |       |       |     2 ||     2
Evoke: Wand              |       |       |       |     2 ||     2
  Use: Scroll            |     5 |       |     4 |     4 ||    13
       Potion            |     4 |       |     2 |    13 ||    19
 Stab: Confused          |       |       |     4 |       ||     4
       Petrified         |       |       |     4 |       ||     4
       Paralysed         |       |       |       |     3 ||     3
  Eat: Chunk             |     1 |     4 |    11 |    26 ||    42
       Beef jerky        |       |       |       |     1 ||     1
Armor: Chain mail        |    34 |       |       |       ||    34
       Plate armour      |    14 |    82 |   168 |   639 ||   903
       Skin              |       |       |       |    26 ||    26
Dodge: Dodged            |    24 |    39 |    68 |   192 ||   323
Block: Buckler           |       |       |    35 |    49 ||    84
       Shield            |       |       |       |   380 ||   380
